 Dungeon Crawl Stone Soup version 0.19-a0-1568-gdd01aac (webtiles) character file.

186914 junb69 the Thaumaturge (level 17, 0/141 HPs)
             Began as a Demigod Fire Elementalist on Sept 13, 2016.
             Slain by a redback (10 damage)
             ... on level 3 of the Spider Nest on Sept 15, 2016.
             The game lasted 03:08:35 (50031 turns).

junb69 the Thaumaturge (Demigod Fire Elementalist) Turns: 50031, Time: 03:08:35

Health: 0/141      AC:  9    Str: 14    XL:     17   Next: 26%
Magic:  38/56      EV: 20    Int: 33    God:
Gold:   2643       SH:  0    Dex: 16    Spells: 9 memorised, 11 levels left

rFire  + + .     SeeInvis +     I - staff of power
rCold  . . .     Gourm    .     H - +2 robe {Archmagi}
rNeg   . . .     Faith    .     (no shield)
rPois  .         Spirit   .     b - +2 hat "Archoczim" {rF+}
rElec  .         Dismiss  .     F - +2 cloak
rCorr  .         Reflect  .     f - +2 pair of gloves {Str+3}
MR     +....     Harm     .     B - +0 pair of boots "Peicegos" {rF+ Regen+ Int+4 Slay+2}
Stlth  ++++......               J - amulet of magic regeneration
                                a - ring of see invisible
                                k - ring of wizardry

@: lethally poisoned (0 -> -60), corroded, slowed, very slow
A: high mp 1
a: no special abilities


You were on level 3 of the Spider Nest.
You were not hungry.

You visited 5 branches of the dungeon, and saw 27 of its levels.
You visited the Abyss 1 time.
You also visited: Bailey, Ice Cave and Volcano.

You collected 3603 gold pieces.
You spent 960 gold pieces at shops.

Inventory:

Hand Weapons
 v - a +1 rapier of protection
Armour
 b - the +2 hat "Archoczim" (worn) {rF+}
   (You acquired it on level 3 of the Lair of Beasts)

   It protects you from fire.
 f - a +2 pair of gloves of strength (worn)
 B - the +0 pair of boots "Peicegos" (worn) {rF+ Regen+ Int+4 Slay+2}
   (You found it in an ice cave)

   It affects your intelligence (+4).
   It affects your accuracy and damage with ranged weapons and melee attacks
   (+2).
   It protects you from fire.
   It increases your rate of regeneration.
 F - a +2 cloak (worn)
 H - a +2 robe of the Archmagi (worn)
Magical Staves
 I - an uncursed staff of power (weapon)
Jewellery
 a - a ring of see invisible (right hand)
 k - a ring of wizardry (left hand)
 J - an amulet of magic regeneration (around neck)
 T - an uncursed ring of magical power
Wands
 x - a wand of paralysis (16/24)
 N - a wand of teleportation (4/9)
 U - a wand of hasting (7/9)
Scrolls
 d - 18 scrolls of remove curse
 h - 3 scrolls of enchant weapon
 i - a scroll of holy word
 l - 9 scrolls of teleportation
 r - 2 scrolls of blinking
 s - 7 scrolls of amnesia
 u - a scroll of acquirement
 w - 2 scrolls of enchant armour
 O - 2 scrolls of fog
 W - 2 scrolls of recharging
 Y - 2 scrolls of magic mapping
Potions
 e - 3 potions of haste
 j - 4 potions of brilliance
 n - 2 potions of magic {unknown}
 o - 2 potions of resistance {unknown}
 q - 6 potions of heal wounds
 t - 2 potions of cancellation
 z - 12 potions of curing
 A - 5 potions of lignification
 C - 4 potions of might
 D - 3 potions of invisibility
 G - 4 potions of agility
 K - a potion of cure mutation {unknown}
 L - a potion of berserk rage {unknown}
 P - 2 potions of flight
 R - a potion of mutation {unknown}
Books
 p - a book of the Earth

   Spells                             Type                      Level
   a - Leda's Liquefaction            Hexes/Earth                  4
   b - Bolt of Magma                  Conjuration/Fire/Earth       5
   c - Statue Form                    Transmutation/Earth          6
   d - Iron Shot                      Conjuration/Earth            6
   e - Shatter                        Earth                        9
 V - a book of Spatial Translocations

   Spells                             Type                      Level
   a - Apportation                    Translocation                1
   b - Blink                          Translocation                2
   c - Shroud of Golubria             Charms/Translocation         2
   d - Portal Projectile              Translocation                3
   e - Teleport Other                 Translocation                3
   f - Passage of Golubria            Translocation                4
Comestibles
 c - 12 bread rations
 g - 12 meat rations
 m - 15 royal jellies
 M - a beef jerky
 Q - 13 fruits


   Skills:
 - Level 10.6 Fighting
 - Level 10.2 Dodging
 - Level 8.6 Stealth
 * Level 14.6 Spellcasting
 * Level 13.6 Conjurations
 - Level 5.5 Necromancy
 - Level 10.4 Fire Magic
 * Level 10.0 Earth Magic


You had 11 spell levels left.
You knew the following spells:

 Your Spells              Type           Power        Failure   Level  Hunger
a - Flame Tongue          Conj/Fire      #####        0%          1    None
b - Throw Flame           Conj/Fire      ######       1%          2    None
c - Conjure Flame         Conj/Fire      ########     1%          3    None
d - Fireball              Conj/Fire      ########..   1%          5    None
e - Bolt of Draining      Conj/Necr      #######...   1%          5    None
f - Sticky Flame          Conj/Fire      ########     1%          4    None
g - Dispel Undead         Necr           ######..     2%          5    None
h - Iron Shot             Conj/Erth      ########..   1%          6    ###....
i - Regeneration          Chrm/Necr      ######....   1%          3    None


Dungeon Overview and Level Annotations

Branches:
Dungeon (15/15)            Temple (0/1) D:5            Lair (6/6) D:10
 Shoals (0/4) Lair:2       Spider (3/4) Lair:4        Slime (0/5) Lair:6
    Orc (2/2) D:11            Elf (1/3) Orc:2        Vaults (0/5) D:13
 Depths (0/5) D:15

Shops:
D:7 (   D:10 [   Orc:2 [(*=

Annotations:
D:8 exclusion: hill giant
D:9 exclusions: obsidian statue and orange crystal statue
Spider:3 Mara


Innate Abilities, Weirdness & Mutations

You have an increased reservoir of magic. (+10% MP)


Message History

The fireball engulfs the moth of wrath.
The moth of wrath is heavily wounded.
You feel sick. The moth of wrath bites you!
* * * LOW HITPOINT WARNING * * *
The moth of wrath goads the redback on!
The redback goes berserk!
The redback barely misses you.
A redback, Mara and an entropy weaver come into view.
Mara is wielding a demon blade of electrocution.
You feel sick. The redback bites you!!
* * * LOW HITPOINT WARNING * * *
You are lethally poisoned!
The redback poisons you! The redback closely misses you.
The moth of wrath closely misses you. The redback bites you.
* * * LOW HITPOINT WARNING * * *
You are more poisoned.
The redback poisons you! The redback completely misses you.
Mara gestures.
There is a horrible, sudden wrenching feeling in your soul!
The redback bites you!
You die...

.#....#
##
......##
≈#
.......#
.##...ws.
.......
†..a#
#sy.##
#@†..#
#≈sss..##
#≈##@####
#≈ #R ..
.. ##(


You could see Mara, an entropy weaver, a torpor snail, a wolf spider, a moth of
wrath, 4 redbacks and junb69's illusion.

Vanquished Creatures
  Arachne (Spider:2)
  A lich (Abyss:2)
  Rupert (Lair:4)
  Gastronok (Lair:3)
  A tentacled starspawn (Abyss:2)
  Donald (Orc:2)
  An orc warlord (Orc:2)
  A ghost moth (Spider:2)
  A stone giant (D:11)
  Nessos (Lair:4)
  2 deep elf demonologists (Elf:1)
  5 entropy weavers
  A dire elephant (Lair:6)
  2 spark wasps (Spider:2)
  Snorg (Orc:1)
  Erolcha (Orc:2)
  Josephine (D:12)
  A deep elf high priest (Elf:1)
  Harold (D:12)
  An ice dragon (D:13)
  A vault guard (D:13)
  15 hydras
  2 death knights (D:13)
  2 catoblepae
  8 centaur warriors
  An ogre mage (D:15)
  2 dancing weapons (Elf:1)
  A deep troll shaman (Lair:6)
  A tengu warrior (D:14)
  12 death yaks
  A queen ant (Spider:2)
  A vampire mage (D:15)
  5 orc high priests
  A thrashing horror (Abyss:2)
  A wretched star (Abyss:2)
  7 skeletal warriors
  3 deep elf knights (Elf:1)
  3 unseen horrors
  A spark wasp zombie (D:15)
  2 lindwurms
  4 deep elf archers (Elf:1)
  7 hill giants
  17 orb spiders
  A wolf spider zombie (D:13)
  3 necromancers
  9 ugly things
  3 orc knights
  4 orc sorcerers (Orc:2)
  4 cyclopes
  12 wolf spiders
  17 deep elf magi
  4 manticores
  A fire giant zombie (D:15)
  2 hornets
  2 griffons
  2 worldbinders (Abyss:2)
  11 elephants
  A rust devil (Abyss:2)
  3 ice statues (IceCv)
  5 centaur zombies
  3 black mambas
  An orange demon (Abyss:2)
  4 gargoyles
  A molten gargoyle (Volcano)
  18 spiny frogs
  3 centaur skeletons
  A hellion (Abyss:2)
  A rime drake (shapeshifter) (D:15)
  6 komodo dragons
  A kobold demonologist (D:15)
  An efreet (D:15)
  A yaktaur skeleton (D:15)
  6 demonic crawlers
  9 ice devils
  7 freezing wraiths
  A tengu conjurer (D:13)
  A guardian mummy (D:15)
  2 ancient zymes (Abyss:2)
  A harpy zombie (D:15)
  A redback zombie (D:14)
  A queen bee (D:14)
  8 trolls
  A harpy skeleton (D:13)
  6 meliai
  20 jumping spiders
  2 polar bears (Lair:6)
  Prince Ribbit (D:7)
  5 dream sheep (Lair:5)
  3 two-headed ogres
  14 blink frogs
  6 slime creatures (D:12)
  A boulder beetle (Lair:6)
  4 small abominations (Abyss:2)
  Sigmund (D:2)
  A fire dragon skeleton (D:15)
  2 air elementals (Elf:1)
  52 redbacks
  3 shadows
  9 tarantellas
  A ynoxinul (Abyss:2)
  9 fire elementals
  47 yaks
  4 wraiths (D:12)
  A yak (shapeshifter) (D:14)
  4 wyverns
  A black mamba zombie (Abyss:2)
  A vampire (D:14)
  2 basilisks
  A steam dragon (D:10)
  5 hungry ghosts
  5 vampire mosquitoes
  Menkaure (D:6)
  5 hippogriffs
  5 large abominations (Abyss:2)
  4 mottled dragons
  7 wargs
  7 soldier ants
  2 hell hounds (Orc:2)
  17 water moccasins
  3 porcupines
  8 sky beasts
  28 orc warriors
  3 wasps
  7 ice beasts
  2 black bears
  2 eyes of draining (D:14)
  2 necrophages
  2 phantoms
  27 wolves
  22 ogres
  12 centaurs
  15 crocodiles
  A big kobold (D:12)
  25 bullfrogs
  A wyvern skeleton (D:12)
  9 scorpions
  35 killer bees
  4 wights (D:13)
  2 electric eels (Spider:2)
  9 howler monkeys
  7 crimson imps
  A quasit (D:11)
  10 hounds
  2 draconian simulacra (IceCv)
  2 bullfrog zombies
  10 jellies
  12 orc priests
  A bullfrog skeleton (D:4)
  12 orc wizards
  8 iguanas
  Ijyb (D:2)
  Natasha (thrice) (D:3)
  2 troll simulacra (IceCv)
  36 worker ants
  4 yak simulacra (Lair:3)
  A polar bear simulacrum (Lair:3)
  A wolf simulacrum (Lair:3)
  A hound zombie (D:5)
  A worker ant zombie (D:5)
  10 gnolls
  A howler monkey skeleton (D:5)
  3 ogre simulacra (IceCv)
  58 river rats
  15 adders
  3 naga simulacra (IceCv)
  6 shadow imps
  4 oozes
  3 adder skeletons
  2 dart slugs
  10 worms
  12 leopard geckos
  86 orcs
  9 bats
  5 giant cockroaches
  15 goblins
  7 hobgoblins
  11 jackals
  6 quokkas
  3 ball pythons
  A ball python skeleton (D:4)
  6 frilled lizards
  20 kobolds
  2 quokka skeletons
  12 rats
  5 river rat simulacra (Lair:3)
  3 fungi
1198 creatures vanquished.

Vanquished Creatures (others)
  A hydra (Lair:6)
  Sonja (D:15)
  An ugly thing (D:11)
  A hungry ghost (D:11)
  A bush (Lair:6)
  19 fungi
  11 plants
  2 starspawn tentacles (Abyss:2)
  4 withered plants (D:15)
41 creatures vanquished.

Grand Total: 1239 creatures vanquished

Notes
Turn   | Place    | Note
-------+----------+-------------------------------------------
     0 | D:1      | junb69 the Demigod Fire Elementalist began the quest for the Orb.
     0 | D:1      | Reached XP level 1. HP: 14/14 MP: 5/5
    18 | D:1      | Reached skill level 1 in Conjurations
   309 | D:1      | Reached XP level 2. HP: 20/20 MP: 5/7
   327 | D:1      | Learned a level 2 spell: Throw Flame
   978 | D:1      | Reached XP level 3. HP: 26/26 MP: 0/8
  1452 | D:2      | Noticed Sigmund
  1770 | D:2      | Reached XP level 4. HP: 33/33 MP: 6/9
  2433 | D:2      | Learned a level 3 spell: Conjure Flame
  2792 | D:3      | Found a faded altar of an unknown god.
  3006 | D:3      | Noticed Ijyb
  3106 | D:2      | Killed Ijyb
  3106 | D:2      | Reached XP level 5. HP: 16/38 MP: 0/10
  3617 | D:3      | Noticed Natasha
  3638 | D:3      | Killed Natasha
  4494 | D:3      | Noticed Natasha
  4504 | D:3      | Killed Natasha
  4504 | D:3      | Reached skill level 2 in Spellcasting
  4801 | D:4      | Noticed a sky beast
  5036 | D:3      | Noticed Natasha
  5056 | D:3      | Killed Natasha
  5056 | D:3      | Reached skill level 5 in Fire Magic
  5056 | D:3      | Reached XP level 6. HP: 38/45 MP: 1/12
  5452 | D:4      | Reached skill level 3 in Spellcasting
  5830 | D:3      | Learned a level 5 spell: Fireball
  6052 | D:2      | Killed Sigmund
  6052 | D:2      | Reached XP level 7. HP: 50/50 MP: 4/14
  6579 | D:5      | Entered Level 5 of the Dungeon
  7041 | D:5      | Reached skill level 5 in Conjurations
  7456 | D:5      | Found a staircase to the Ecumenical Temple.
  7689 | D:4      | Reached XP level 8. HP: 57/57 MP: 0/15
  9162 | D:6      | Noticed Menkaure
  9165 | D:6      | Killed Menkaure
  9641 | D:6      | Reached skill level 4 in Spellcasting
 10400 | D:6      | Reached XP level 9. HP: 60/62 MP: 12/19
 10415 | D:6      | Reached skill level 5 in Spellcasting
 11090 | D:7      | Learned a level 5 spell: Bolt of Draining
 11096 | D:7      | Found Urireliy's Weapon Shop.
 11109 | D:7      | Reached skill level 1 in Necromancy
 11256 | D:7      | Noticed Prince Ribbit
 11312 | D:7      | Killed Prince Ribbit
 12975 | D:8      | Noticed a hill giant
 13533 | D:8      | Killed a hill giant
 13533 | D:8      | Reached skill level 6 in Spellcasting
 13533 | D:8      | Reached XP level 10. HP: 69/69 MP: 2/23
 13687 | D:8      | Noticed a hill giant
 14084 | D:8      | Killed a hill giant
 14774 | D:9      | Noticed an obsidian statue
 14965 | D:9      | Found a bloodstained altar of Trog.
 14976 | D:9      | Reached skill level 7 in Spellcasting
 16109 | D:9      | Reached skill level 10 in Conjurations
 16232 | D:9      | Noticed an orange crystal statue
 16350 | D:10     | Entered Level 10 of the Dungeon
 16577 | D:10     | Found a staircase to the Lair.
 16603 | D:10     | Found Keno's Antique Armour Shoppe.
 16607 | D:10     | Bought an embroidered robe for 15 gold pieces
 16607 | D:10     | Bought a pair of boots for 99 gold pieces
 16724 | D:10     | Reached skill level 1 in Fighting
 17185 | D:10     | Reached skill level 8 in Spellcasting
 17446 | Lair:1   | Entered Level 1 of the Lair of Beasts
 17565 | Lair:1   | Learned a level 3 spell: Inner Flame
 17573 | Lair:1   | Learned a level 4 spell: Sticky Flame
 17581 | Lair:1   | Learned a level 5 spell: Dispel Undead
 17944 | Lair:1   | Noticed a four-headed hydra
 17952 | Lair:1   | Killed a four-headed hydra
 17952 | Lair:1   | Reached XP level 11. HP: 83/83 MP: 5/27
 19053 | Lair:1   | Upgraded the game from 0.19-a0-1532-g228a5d9 to 0.19-a0-1553-g64c24c3
 19136 | Lair:2   | Reached skill level 5 in Fighting
 19518 | Lair:2   | Reached skill level 5 in Dodging
 19794 | Lair:2   | Noticed a five-headed hydra
 19800 | Lair:2   | Killed a five-headed hydra
 20044 | Lair:2   | Noticed an eight-headed hydra
 20053 | Lair:2   | Killed an eight-headed hydra
 20353 | Lair:2   | Noticed a five-headed hydra
 20363 | Lair:2   | Killed a five-headed hydra
 20554 | Lair:2   | Noticed a seven-headed hydra
 20559 | Lair:2   | Killed a seven-headed hydra
 20662 | Lair:2   | Found a staircase to the Shoals.
 20722 | Lair:2   | Noticed a seven-headed hydra
 21080 | Lair:2   | Reached XP level 12. HP: 91/101 MP: 19/28
 21239 | Lair:2   | Noticed a seven-headed hydra
 21244 | Lair:2   | Killed a seven-headed hydra
 22257 | Lair:3   | Noticed Gastronok
 22289 | Lair:3   | Killed Gastronok
 22859 | Lair:3   | Reached skill level 9 in Spellcasting
 22993 | Lair:3   | Identified a scroll of acquirement
 22994 | Lair:3   | Got a crude hat
 23006 | Lair:3   | Identified the +2 hat "Archoczim" {rF+} (You acquired it on level 3 of the Lair of Beasts)
 24031 | Lair:1   | Noticed a seven-headed hydra
 24035 | Lair:1   | Killed a seven-headed hydra
 24127 | Lair:2   | Killed a seven-headed hydra
 24700 | Lair:4   | Found a frozen archway.
 24769 | IceCv    | Entered an ice cave
 25191 | IceCv    | Reached skill level 10 in Spellcasting
 25544 | IceCv    | Reached XP level 13. HP: 107/107 MP: 10/31
 25735 | IceCv    | Got a pair of faintly glowing boots
 25819 | IceCv    | Identified the +0 pair of boots "Peicegos" {rF+ Regen+ Int+4 Slay+2} (You found it in an ice cave)
 26071 | Lair:4   | Learned a level 6 spell: Iron Shot
 26198 | Lair:4   | Noticed Rupert
 26261 | Lair:4   | Killed Rupert
 26317 | Lair:4   | Noticed Nessos
 26431 | Lair:4   | Reached skill level 11 in Spellcasting
 26504 | Lair:4   | Found a hole to the Spider Nest.
 27220 | Lair:4   | Killed Nessos
 27824 | Lair:5   | Identified the Handbook of Lethal Changing
 27978 | Lair:5   | Reached skill level 12 in Spellcasting
 28971 | Lair:6   | Entered Level 6 of the Lair of Beasts
 28983 | Lair:6   | Found a staircase to the Slime Pits.
 29552 | Lair:6   | Reached skill level 13 in Spellcasting
 30600 | Lair:6   | Reached XP level 14. HP: 114/114 MP: 36/36
 32496 | D:11     | Reached skill level 1 in Earth Magic
 33190 | D:11     | Found a staircase to the Orcish Mines.
 33500 | Orc:1    | Entered Level 1 of the Orcish Mines
 33973 | Orc:2    | Entered Level 2 of the Orcish Mines
 34001 | Orc:2    | Noticed Erolcha
 34005 | Orc:2    | Noticed an orc warlord
 34119 | Orc:2    | Killed Erolcha
 34119 | Orc:2    | Reached skill level 5 in Earth Magic
 34383 | Orc:2    | Noticed Donald
 34386 | Orc:2    | Killed Donald
 34405 | Orc:2    | Found Ote Tuwn's Jewellery Shop.
 34413 | Orc:2    | Found Guyr's General Store.
 34414 | Orc:2    | Found a staircase to the Elven Halls.
 34615 | Orc:2    | Found a dark tunnel.
 34624 | Volcano  | Entered a volcano
 35324 | Orc:2    | Found a roughly hewn altar of Beogh.
 35359 | Orc:2    | Found Kaigasamp's Antique Armour Emporium.
 35547 | Orc:2    | Killed an orc warlord
 35656 | Orc:2    | Found Bepocaoh's Antique Weapon Emporium.
 36069 | Orc:2    | Bought a dull robe for 182 gold pieces
 36082 | Orc:2    | Identified the cursed +1 robe of the Ant {*Corrode +Fly rC+ Dex+9} (You bought it in a shop on level 2 of the Orcish Mines)
 36097 | Orc:2    | Bought a warped buckler for 304 gold pieces
 36106 | Orc:2    | Identified the +0 buckler of the Bagpipe {rC++ MR-} (You bought it in a shop on level 2 of the Orcish Mines)
 36147 | Orc:2    | Bought a bread ration for 90 gold pieces
 36147 | Orc:2    | Bought a meat ration for 90 gold pieces
 36165 | Orc:2    | Bought an uncursed ring of see invisible for 180 gold pieces
 36182 | Orc:1    | Noticed Snorg
 36187 | Orc:1    | Killed Snorg
 36532 | D:12     | Noticed Harold
 36661 | D:12     | Killed Harold
 36742 | D:12     | Found a flagged portal.
 36761 | Bailey   | Entered a bailey
 36925 | Bailey   | Reached XP level 15. HP: 121/121 MP: 38/38
 36977 | Bailey   | Found an iron altar of Okawaru.
 37425 | D:12     | Noticed Josephine
 37429 | D:12     | Killed Josephine
 38399 | D:13     | Found a glowing golden altar of the Shining One.
 38711 | D:13     | Reached skill level 5 in Stealth
 40666 | D:13     | Found a gate to the Vaults.
 41215 | D:14     | Learned a level 3 spell: Regeneration
 41293 | D:14     | Paralysed by a wasp for 1 turns
 41812 | D:14     | Reached skill level 10 in Fighting
 42558 | D:15     | Entered Level 15 of the Dungeon
 42817 | D:15     | Reached skill level 10 in Dodging
 42845 | D:15     | Killed Sonja
 43119 | D:15     | Found a shadowy altar of Dithmenos.
 43176 | D:15     | Found a hide-covered altar of Uskayaw.
 43430 | D:15     | Reached skill level 10 in Fire Magic
 43498 | D:15     | Found a staircase to the Depths.
 43507 | D:15     | Reached XP level 16. HP: 136/136 MP: 34/39
 44005 | D:15     | Upgraded the game from 0.19-a0-1553-g64c24c3 to 0.19-a0-1568-gdd01aac
 44145 | Elf:1    | Entered Level 1 of the Elven Halls
 44485 | Elf:1    | Reached skill level 5 in Necromancy
 44737 | Elf:1    | Cast into level 2 of the Abyss (a deep elf demonologist)
 44898 | Abyss:2  | Noticed a tentacled starspawn
 44901 | Abyss:2  | Noticed a bone dragon
 44973 | Abyss:2  | Noticed a tentacled starspawn
 45041 | Abyss:2  | Found a corrupted altar of Lugonu.
 45126 | Abyss:2  | Noticed a lich
 45129 | Abyss:2  | Noticed a tentacled starspawn
 45132 | Abyss:2  | Killed a lich
 45138 | Abyss:2  | Killed a tentacled starspawn
 45532 | Elf:1    | Escaped the Abyss
 46383 | Spider:1 | Entered Level 1 of the Spider Nest
 46387 | Spider:1 | Reached skill level 14 in Spellcasting
 47608 | Spider:2 | Noticed Arachne
 48327 | Spider:2 | Killed Arachne
 48327 | Spider:2 | Reached XP level 17. HP: 90/141 MP: 27/40
 50027 | Spider:3 | Reached skill level 10 in Earth Magic
 50031 | Spider:3 | Noticed Mara
 50031 | Spider:3 | Slain by a redback

Vault maps used:
D:1:      lemuel_arrival_behind_the_door_small
D:2:      uniq_sigmund
D:3:      ecumenical_altar_1, minmay_crystal_water, minmay_misc_feat_nine_boxes,
          uniq_iyjb, uniq_natasha
D:4:      minmay_diamond_boxcup, first_bread
D:5:      minivault_11
D:6:      minmay_cornered_nines, uniq_menkaure
D:7:      serial_shops, shop, uniq_prince_ribbit1
D:9:      minmay_separated_statues, basic_altar
D:10:     lair_0_dummy, serial_shops, nicolae_shop_behind_doors
D:11:     david_orc_2, lemuel_flamethrower_hall
D:12:     enter_bailey_3, blue_anna_alchemist, uniq_josephine, uniq_harold
D:13:     hangedman_cross_cluster, david_vaults_5, lab_entry_generic,
          nicolae_tso_carved_into_rock
D:14:     glass_columns_a, grunt_ministairs_3
D:15:     gammafunk_depths_entry_grave, basic_altar, lemuel_round_altar,
          lemuel_flamethrower_2, uniq_sonja
Lair:1:   minivault_26, beast_lair_carwin_9, grunt_megastairs_4
Lair:2:   beast_lair_carwin_large_4, shoals_dummy_entry, grunt_megastairs_5,
          infiniplex_staircase_pool
Lair:3:   minmay_holes, eino_house_with_fridge, uniq_gastronok
Lair:4:   nicolae_spider_entry_non_spiders, portal_ice_cave_demonic_guard,
          uniq_rupert, uniq_nessos
Lair:5:   grunt_forest_stairs_basic
Lair:6:   grunt_lair_end_beastmaster, nicolae_slime_entry_slimehenge,
          serial_bayou_pond_d
Spider:1: spider_trap
Spider:2: minmay_another_anthill, uniq_arachne
Spider:3: uniq_mara, uniq_bai_suzhen
Orc:1:    uniq_snorg
Orc:2:    grunt_orc_gardens, grunt_orc_garden, grunt_orc_garden,
          grunt_orc_garden, grunt_orc_garden, basic_altar, enter_volcano_3,
          uniq_donald, uniq_erolcha
Elf:1:    orc_legates
Bailey:   bailey_axe_3, bailey
IceCv:    ice_cave_tombish
Volcano:  volcano_aerie

Skill      XL: |  1  2  3  4  5  6  7  8  9 10 11 12 13 14 15 16 17 |
---------------+----------------------------------------------------+-----
Conjurations   | 1 2 3 4 5 7 9 10 12 13 | 13.6
Fire Magic     | 3 4 5 7 9 10 | 10.4
Spellcasting   | 2 3 4 6 8 10 13 14 | 14.6
Necromancy     | 3 4 5 |  5.5
Fighting       | 3 7 8 10 | 10.6
Dodging        | 2 7 10 | 10.2
Stealth        | 2 3 7 8 |  8.6
Earth Magic    | 7 9 10 | 10.0

Action                   |  1- 3 |  4- 6 |  7- 9 | 10-12 | 13-15 | 16-18 || total
-------------------------+-------+-------+-------+-------+-------+-------++-------
Melee: Club              |     1 |    18 |       |       |       |       ||    19
       Whip              |    16 |       |       |       |       |       ||    16
       Rapier            |       |     5 |    91 |    44 |   147 |       ||   287
       Staff             |       |       |       |       |    87 |     4 ||    91
 Cast: Flame Tongue      |    61 |   152 |   323 |   562 |   333 |    44 ||  1475
       Throw Flame       |     3 |    19 |    27 |    27 |    45 |    24 ||   145
       Conjure Flame     |       |     8 |    39 |    36 |     8 |     3 ||    94
       Fireball          |       |       |    16 |    35 |   119 |   106 ||   276
       Bolt of Draining  |       |       |     1 |    38 |   257 |   103 ||   399
       Sticky Flame      |       |       |       |    61 |   126 |    41 ||   228
       Dispel Undead     |       |       |       |       |    67 |    30 ||    97
       Iron Shot         |       |       |       |       |     9 |    51 ||    60
Evoke: Wand              |       |       |     2 |    14 |     2 |       ||    18
  Use: Scroll            |       |     5 |    11 |    15 |    15 |     6 ||    52
       Potion            |       |       |       |       |     2 |     2 ||     4
 Stab: Sleeping          |       |     1 |       |       |     1 |       ||     2
       Paralysed         |       |       |     3 |       |       |       ||     3
       Distracted        |       |       |       |       |     1 |     1 ||     2
  Eat: Chunk             |     3 |    14 |    20 |    32 |    38 |     6 ||   113
       Fruit             |       |     1 |     2 |     3 |    10 |    13 ||    29
       Beef jerky        |       |     1 |     2 |     2 |       |       ||     5
       Royal jelly       |       |       |     1 |     2 |       |       ||     3
       Pizza             |       |       |     2 |     1 |     1 |     1 ||     5
       Meat ration       |       |       |       |     1 |     1 |     1 ||     3
       Bread ration      |       |       |       |     1 |     1 |     1 ||     3
Armor: Robe              |    15 |    26 |    72 |    97 |   214 |    49 ||   473
Dodge: Dodged            |    28 |    66 |   113 |   231 |   673 |   199 ||  1310
